Cogmind - Beta 16 @@@ ROGUE MODE // 2025.12.18 @ 04:35:57 Player: War__Prophet Result: Self-destructed Performance ------------- Evolutions (2) 1000 Regions Visited (4) 800 Robots Destroyed (16) 80 Value Destroyed (397) 397 Prototype IDs (2) 40 Alien Tech Used (0) 0 Bonus (200) 200 TOTAL SCORE: 2517 Bonus ------- Entered Garrisons 200 Cogmind --------- Core Integrity 305/550 Matter 300/300 Energy 100/100 System Corruption 2% Temperature Cool (0) Movement Core (50) Location -8/Garrison Parts ------- > --- POWER (1) -------- (None) > --- PROPULSION (6) --- (None) > --- UTILITY (2) ------ (None) > --- WEAPON (2) ------- (None) > --- INVENTORY (5) ---- Light Ion Engine Light Ion Engine Heavy Ion Engine Compact Wheel Peak State ------------ > --- POWER ------------ Heavy Ion Engine > --- PROPULSION ------- Airjet Airjet Airjet > --- UTILITY ---------- Small Storage Unit Tractor Beam > --- WEAPON ----------- Heavy Hammer Heavy Hammer > --- INVENTORY -------- Light Ion Engine Light Ion Engine Compact Wheel Flight Unit Flight Unit Flight Unit Flight Unit VTOL Module [Rating: 18] Favorites ----------- Power Ion Engine Engine Ion Engine Propulsion Flight Unit Wheel Compact Wheel Hover Unit Airjet Flight Unit Flight Unit Utility Small Storage Unit Device Tractor Beam Storage Small Storage Unit Weapon Heavy Hammer Ballistic Gun Light Assault Rifle Impact Weapon Heavy Hammer Build | -11 -10 -9 -8 -8 ------- Run | Yrd Mat Mat Mat Gar Slots Evolved 4 | . . 2 2 . Power . | . . . . . Propulsion 4 | . . 2 2 . Utility . | . . . . . Weapon . | . . . . . Parts Attached 24 | 6 1 14 3 . Power 2 | 1 . 1 . . Engine 2 | 1 . 1 . . Core . | . . . . . Reactor . | . . . . . Propulsion 15 | 2 . 13 . . Treads . | . . . . . Leg . | . . . . . Wheel 2 | 2 . . . . Hover 4 | . . 4 . . Flight 9 | . . 9 . . Utility 2 | 1 . . 1 . Device 1 | . . . 1 . Storage 1 | 1 . . . . Processor . | . . . . . Hackware . | . . . . . Protection . | . . . . . Artifact . | . . . . . Weapon 5 | 2 1 . 2 . Energy Gun . | . . . . . Energy Cannon . | . . . . . Ballistic Gun 3 | 2 1 . . . Ballistic Cannon . | . . . . . Launcher . | . . . . . Special Weapon . | . . . . . Impact Weapon 2 | . . . 2 . Slashing Weapon . | . . . . . Piercing Weapon . | . . . . . Special Melee Weapon . | . . . . . Unidentified Prototypes 2 | . . 2 . . Parts Lost 17 | . . 8 5 4 Power 1 | . . 1 . . Propulsion 12 | . . 4 4 4 Utility 1 | . . . 1 . Weapon 3 | . . 3 . . Highest Loss Streak 7 | . . 7 3 2 To Critical Strikes . | . . . . . Average Backups 5 | . 3 6 7 4 Power 2 | . 1 2 2 3 Propulsion 2 | . 1 3 5 1 Utility . | . . . . . Weapon . | . . . . . Tool/Special . | . . . . . Unused Backups 2 | . . . . 2 Power 2 | . . . . 2 Propulsion . | . . . . . Utility . | . . . . . Weapon . | . . . . . Tool/Special . | . . . . . Average Slot Usage (%) 67 | . 85 71 63 49 Engine 8 | . 14 10 9 . Wheel 8 | . 28 7 . . Hover 5 | . . 4 18 . Flight 12 | . . 21 5 22 Device 1 | . . . 4 . Storage 10 | . 14 11 9 9 Ballistic Gun 11 | . 28 16 . . Impact Weapon 8 | . . . 16 18 Peak Build Rating 18 | 6 6 17 18 10 Average Rating 8 | 4 6 7 14 8 On Entrance 7 | . 6 6 13 10 Avg Prop Armor Cover (%) 5 | . . 3 6 . Naked Turns . | . . . . . Heaviest Build 20 | 13 13 14 20 11 Greatest Support 32 | 26 26 32 24 16 Greatest Overweight (x) 3 | 1 . 3 2 3 Average Overweight (x) . | . . . . . Largest Inventory Capacity 8 | 8 8 8 8 8 Average Capacity 7 | 6 8 8 8 8 Most Carried 8 | 1 6 8 8 4 Average Carried 5 | . 4 6 7 4 Final Capacity 8 | 8 8 8 8 5 Final Carried 8 | 1 6 8 4 4 Class Distribution -------------------- 75% | Mutant 13% | Sprinter 10% | Scavenger-Mutant Dominant Class ---------------- Mutant | -10/Materials Scavenger-Mutant | -9/Materials Mutant | -8/Materials Mutant | -8/Garrison Resources | -11 -10 -9 -8 -8 ----------- Run | Yrd Mat Mat Mat Gar Matter Collected 580 | 259 87 108 126 . Remotely 10 | . . . 10 . Salvage Created 782 | . 177 128 249 228 Parts 29 | . 10 9 4 6 Haulers Intercepted 1 | . . . 1 . Recyclers Shooed . | . . . . . Parts Field Recycled . | . . . . . Retrieved Matter . | . . . . . Parts Self-Destructed . | . . . . . Prevented . | . . . . . Parts Restored . | . . . . . Kills | -11 -10 -9 -8 -8 ------- Run | Yrd Mat Mat Mat Gar Combat Hostiles Destroyed 13 | . 6 2 2 3 Melee 3 | . . . 1 2 Guns 8 | . 6 2 . . Classes Destroyed 5 | . 2 1 1 1 Hauler 1 | . . . 1 . Recycler 2 | . . 1 1 . Swarmer 5 | . 3 2 . . Grunt 6 | . 3 . 2 1 Sentry 2 | . . . . 2 Best Kill Streak 3 | . 3 1 2 1 Combat Bots Only 3 | . 3 1 1 1 Max Kills in Single Turn 1 | . 1 1 1 1 Gunslinging . | . . . . . Exploded . | . . . . . Melee 1 | . . . 1 1 Uniques/NPCs Destroyed . | . . . . . Combat | -11 -10 -9 -8 -8 -------- Run | Yrd Mat Mat Mat Gar Hostile Shots Fired 209 | . 37 112 19 41 Missed 75 | . 7 47 8 13 Hits 134 | . 30 65 11 28 Melee 1 | . . . 1 . Projectile 133 | . 30 65 10 28 AOE 2 | . . . 2 . Critical Strikes 5 | . . 2 1 2 Damage Taken 1534 | . 277 589 264 404 Core 492 | . 75 172 40 205 Absorbed by Shields . | . . . . . Core Remaining (%) 75 | 100 70 57 . . Volleys Fired 26 | . 19 7 . . Largest 2 | . 2 2 . . Hottest 40 | . 40 40 . . Shots Fired 52 | . 38 14 . . Gun 52 | . 38 14 . . Cannon . | . . . . . Launcher . | . . . . . Special . | . . . . . Kinetic 52 | . 38 14 . . Thermal . | . . . . . Explosive . | . . . . . Electromagnetic . | . . . . . Robot Hit Streak 5 | . 5 4 . . Robot Miss Streak 5 | . 5 5 . . Penetration Max . | . . . . . Secondary Targets 3 | . 3 . . . Max Gunslinging Chain 1 | . 1 . . . Shots Hit Robots 52 | . 19 6 9 18 Core Hits 17 | . 9 5 1 2 Critical Kills 2 | . 1 . . 1 Critical Parts Destroyed 3 | . . . . 3 Critical Strikes 6 | . 1 . . 5 Destroy 1 | . 1 . . . Smash 5 | . . . . 5 Melee Attacks 40 | . . . 16 24 Impact 40 | . . . 16 24 Slashing . | . . . . . Piercing . | . . . . . Sneak Attacks 2 | . . . 2 . Combat Hostiles . | . . . . . Follow-up Attacks 5 | . . . 4 1 Damage Inflicted 1574 | . 187 64 502 821 Guns 250 | . 187 63 . . Cannons . | . . . . . Explosions . | . . . . . Melee 1323 | . . . 502 821 Ramming 1 | . . 1 . . Kinetic 250 | . 187 63 . . Thermal . | . . . . . Explosive . | . . . . . Electromagnetic . | . . . . . Impact 1323 | . . . 502 821 Slashing . | . . . . . Piercing . | . . . . . Highest Corruption 2 | . 2 . . 2 Average Corruption 1 | . 2 . . 1 Corruption Purged . | . . . . . Corruption Blocked . | . . . . . Effects 2 | . 1 . . 1 Heat Flow Errors 2 | . 1 . . 1 Overload Shots . | . . . . . Overflow Damage 162 | . . . 46 116 Projectiles . | . . . . . Explosions . | . . . . . Melee 162 | . . . 46 116 Knockbacks . | . . . . . Impact . | . . . . . Kinetic . | . . . . . Secondary . | . . . . . Self-Inflicted Damage . | . . . . . Shots . | . . . . . Rammed 1 | . . 1 . . Targets Rammed 1 | . . 1 . . Kicked . | . . . . . Crushed . | . . . . . Highest Temperature 196 | . 147 13 20 196 Average Temperature 80 | . 93 7 20 91 Received Heat Transfer 315 | . 60 75 81 99 Siege Activations . | . . . . . Martial Activations . | . . . . . Shielding Activations . | . . . . . Robots Disrupted . | . . . . . Combat Hostiles . | . . . . . Robots Corrupted 4 | . . . 2 2 Combat Hostiles 2 | . . . 1 1 Parts Fried 4 | . . . 3 1 Impact Corruptions 9 | . . . 4 5 Robots Melted . | . . . . . Combat Hostiles . | . . . . . Parts Melted . | . . . . . Heat Transferred . | . . . . . Parts Sabotaged . | . . . . . Parts Stolen . | . . . . . Parts Stripped . | . . . . . Power Chain Reactions . | . . . . . Alert | -11 -10 -9 -8 -8 ------- Run | Yrd Mat Mat Mat Gar Maximum Alert Level . | . . . . . Low Security (%) 100 | 100 100 100 100 100 Level 1 . | . . . . . Level 2 . | . . . . . Level 3 . | . . . . . Level 4 . | . . . . . Level 5 . | . . . . . High Security . | . . . . . Max Security . | . . . . . Peak Influence 113 | . 101 113 41 30 Initial 39 | . . 38 39 2 Average 35 | . 51 66 21 12 Influence Increases 507 | . 141 195 56 115 Destroy 0b10 Robot/C 260 | . 120 40 40 60 Destroy 0b10 Robot/NC 20 | . . 5 10 5 Destroy Leader 22 | . 20 . 2 . Successful Hack 4 | . . . 4 . Anti-Garrison Action 50 | . . . . 50 Destroy Structure 1 | . 1 . . . Lose Combat Pursuer 150 | . . 150 . . Influence Decreases 427 | . 50 193 145 39 Entered New Map 109 | . . 53 54 2 Time Decay 161 | . 50 60 51 . Lost Part 157 | . . 80 40 37 Squads Dispatched 3 | . 1 . 2 . Investigation . | . . . . . Extermination . | . . . . . Reinforcement 3 | . 1 . 2 . Assault . | . . . . . Garrison . | . . . . . Intercept . | . . . . . Searches Triggered . | . . . . . Construction Impeded . | . . . . . Haulers Reinforced . | . . . . . Active Scanning Responses . | . . . . . Cargo Convoy Interrupts . | . . . . . Stealth | -11 -10 -9 -8 -8 --------- Run | Yrd Mat Mat Mat Gar Distress Signals 1 | . . 1 . . Communications Jammed . | . . . . . Distress Signals . | . . . . . Times Spotted 48 | . 7 23 12 6 Peak Tracking Total 11 | . 3 11 9 5 Tactical Retreats 3 | . . 3 . . Traps | -11 -10 -9 -8 -8 ------- Run | Yrd Mat Mat Mat Gar Traps Triggered 2 | . 1 . 1 . Indirectly . | . . . . . Trap Hack Attempts . | . . . . . Triggered . | . . . . . Disarmed . | . . . . . Reprogrammed . | . . . . . Reused . | . . . . . Traps Extracted . | . . . . . Installed . | . . . . . Triggered . | . . . . . Machines | -11 -10 -9 -8 -8 ---------- Run | Yrd Mat Mat Mat Gar Machines Disabled . | . . . . . Max in Single Turn . | . . . . . Garrison Relay 1 | . . . . 1 Machines Repaired . | . . . . . Machines Dismantled . | . . . . . Machines Sabotaged . | . . . . . Overloaded Fab Kills . | . . . . . Hacking | -11 -10 -9 -8 -8 --------- Run | Yrd Mat Mat Mat Gar Machines Accessed 2 | . . . 1 1 Terminals 1 | . . . . 1 Fabricators . | . . . . . Repair Stations . | . . . . . Recycling Units . | . . . . . Scanalyzers . | . . . . . Garrison Access 1 | . . . 1 . Total Hacks 4 | . . . 1 3 Successful 1 | . . . 1 . Failed 3 | . . . . 3 Catastrophic . | . . . . . Database Lockouts . | . . . . . Manual . | . . . . . Terminals 3 | . . . . 3 Fabricators . | . . . . . Repair Stations . | . . . . . Recycling Units . | . . . . . Scanalyzers . | . . . . . Garrison Access 1 | . . . 1 . Terminal Hacks . | . . . . . Fabricator Hacks . | . . . . . Repair Station Hacks . | . . . . . Recycling Unit Hacks . | . . . . . Scanalyzer . | . . . . . Garrison Access Hacks 1 | . . . 1 . Unlock Access 1 | . . . 1 . Unauthorized Hacks . | . . . . . Terminals . | . . . . . Fabricators . | . . . . . Repair Stations . | . . . . . Recycling Units . | . . . . . Scanalyzers . | . . . . . Garrison Access . | . . . . . Data Cores Recovered . | . . . . . Used . | . . . . . Hacking Detections 1 | . . . . 1 Full Trace Events 1 | . . . . 1 Feedback Events . | . . . . . Feedback Blocked . | . . . . . Robot Schematics Acquired . | . . . . . Robots Built . | . . . . . Authchips . | . . . . . Time . | . . . . . Total Robot Build Rating . | . . . . . Part Schematics Acquired . | . . . . . Parts Built . | . . . . . Authchips . | . . . . . Time . | . . . . . Total Part Build Rating . | . . . . . Part Studies Acquired . | . . . . . Parts Repaired . | . . . . . Time . | . . . . . Parts Recycled . | . . . . . Recycled Matter . | . . . . . Retrieved Matter . | . . . . . Retrieved Components . | . . . . . Parts Scanalyzed . | . . . . . Part Schematics Acquired . | . . . . . Parts Damaged . | . . . . . Bothacking | -11 -10 -9 -8 -8 ------------ Run | Yrd Mat Mat Mat Gar Used RIF Installer . | . . . . . Robots Hacked . | . . . . . Non-combat . | . . . . . Combat . | . . . . . Robot Hacks Applied . | . . . . . Relay Couplers Released 3 | . . . . 3 Machine Destruction 3 | . . . . 3 Fabnet Peak Effective % . | . . . . . Robots Rewired . | . . . . . Allies Hacked . | . . . . . Hacks Repelled . | . . . . . Allies | -11 -10 -9 -8 -8 -------- Run | Yrd Mat Mat Mat Gar Total Allies . | . . . . . Largest Group . | . . . . . Highest-Rated Group . | . . . . . Highest-Rated Ally . | . . . . . Total Orders . | . . . . . Ally Attacks . | . . . . . Total Damage . | . . . . . Kills . | . . . . . Allies Corrupted . | . . . . . Allies Melted . | . . . . . Intel | -11 -10 -9 -8 -8 ------- Run | Yrd Mat Mat Mat Gar Active Infowar (turns) . | . . . . . Robot Analysis Total . | . . . . . Derelict Logs Recovered . | . . . . . Drone Launches . | . . . . . Drone Recoveries . | . . . . . Exploration | -11 -10 -9 -8 -8 ------------- Run | Yrd Mat Mat Mat Gar Turns Passed 586 | 44 129 139 145 129 Spaces Moved 523 | 38 78 174 168 65 Core 11 | 3 . . . 8 Treads . | . . . . . Legs . | . . . . . Wheels 132 | 35 78 19 . . Hover 140 | . . 23 117 . Flight 240 | . . 132 51 57 Fastest Speed 27 | 50 90 29 27 29 Average Speed 61 | 90 90 50 53 58 Slowest Speed 285 | 100 90 285 180 200 Overloaded Moves . | . . . . . Propulsion Burnouts . | . . . . . Robots Hopped 2 | . . 2 . . Potential Cave-ins . | . . . . . Cave-ins Triggered . | . . . . . Exploration Rate (%) 16 | 4 22 21 24 9 Regions Visited 4 Branch Regions . Pre-discovered Areas . | . . . . . Known Exits Taken 1 | . . . 1 . Unknown Exits Taken 3 | 1 1 1 . . Scrap Searched . | . . . . . Spaces Dug . | . . . . . Terrain Destroyed . | . . . . . Melee . | . . . . . Projectile . | . . . . . AOE . | . . . . . Terrain Rammed . | . . . . . Walls Destroyed . | . . . . . Machines Disabled . | . . . . . Actions | -11 -10 -9 -8 -8 --------- Run | Yrd Mat Mat Mat Gar Total 675 | 44 101 210 202 118 Wait 51 | . . 3 16 32 Move 515 | 37 77 169 167 65 Hop 2 | . . 2 . . Pick Up 8 | 1 4 3 . . Fast Attach 16 | 6 . 7 3 . Attach 12 | . . 7 5 . Detach 8 | . . 7 1 . Swap 3 | . 1 2 . . Drop 2 | . . 2 . . Fire 26 | . 19 7 . . Melee 31 | . . . 10 21 Ram 1 | . . 1 . . Kick . | . . . . . Crush . | . . . . . Escape Stasis . | . . . . . Rewire . | . . . . . Trap . | . . . . . Miscellaneous . | . . . . . Route ------- -11/Scrapyard -10/Materials -9/Materials -8/Materials -8/Garrison History --------- Turn | Location | Event 19 | -11/Scrapyard | Discovered new exit (range 16) 45 | -11/Scrapyard | Entered Materials 167 | -10/Materials | Discovered new exit (range 7) 174 | -10/Materials | Entered another Materials area 174 | -9/Materials | Evolved 2 slots: Propulsion x2 311 | -9/Materials | Discovered new exit (range 5) 313 | -9/Materials | Entered another Materials area 313 | -8/Materials | Evolved 2 slots: Propulsion x2 334 | -8/Materials | Lost 7 parts (1p3n3w) 458 | -8/Materials | Identified exit to Garrison 458 | -8/Materials | Entered Garrison 462 | -8/Garrison | Triggered checkpoint 483 | -8/Garrison | Lost 3 parts (2n1u) 548 | -8/Garrison | Garrison Relay disabled 587 | -8/Garrison | Released all parts (3) 587 | -8/Garrison | Self-destructed Last Messages --------------- 00557_ Y-45 Defender suffers critical hit (Smash). 00557_ Destroyed Heat Sink. 00557_ Y-45 Defender system corrupted by crushing effect. 00560_ Y-45 Defender misfires. 00563_ Y-45 Defender suffers critical hit (Smash). 00568_ Destroyed Heat Sink. 00568_ Destroyed Lgt. Armor Plating. 00568_ Y-45 Defender system corrupted by crushing effect. 00569_ Y-45 Defender system terminally corrupted. 00569_ Hvy. Assault Rifle fried. 00579_ System corrupted: Heat flow error (+227). 00587_ Connecting with Door Terminal... 00587_ ALERT: Suspicious activity at Terminal G002. Transmitting hostile system tracking data. 00587_ Released Hvy. Hammer. 00587_ Released Sml. Storage Unit. 00587_ Released Hvy. Hammer. Map ----- +----------------------------------------------------+ | ?????????????????????????????????????????? | | ?????????????????????????????????????????? | | ?????????????????????????????????????????? | | ????????????????????????????######???????? | | ????????????????????????????# #???????? | | ????????????????????????????# #???????? | | ????????????????????????????# #???????? | | ????????????????????????????### #???????? | | ??????????????????????????????# #???????? | | ??????????????????????????????# #???????? | | ??????????????????????????????# #???????? | | ????????????????????????####### #???????? | | ????????????????????????# ######### | | ??????????????????????### ##### ^ | | ??????????????????????# #???# | | ??????????????????????# #???############ | | ??????????????????????# #??????????????? | | ??????????????????????# +??????????????? | | ??????????????????????#% #??????????????? | | ????????????????####??### #??????????????? | | ???????????????## ##???# #??????????????? | | ???????????????# #???# #??????????????? | | ???????????????# #???# ###????????????? | | ???????????????# #???#!# #????????????? | | ???????????????" / #####%![#????????????? | | ???????????????"!@ ppp%=!"#????????????? | | ???????????????#T########!= #????????????? | | ???????????????##???????# #"#????????????? | | ????????????????????????#####????????????? | | ?????????????????????????????????????????? | | ?????????????????????????????????????????? | | ?????????????????????????????????????????? | | ?????????????????????????????????????????? | | ?????????????????????????????????????????? | | ?????????????????????????????????????????? | | ?????????????????????????????????????????? | | ?????????????????????????????????????????? | | ?????????????????????????????????????????? | | ?????????????????????????????????????????? | | ?????????????????????????????????????????? | | ?????????????????????????????????????????? | | ?????????????????????????????????????????? | | ?????????????????????????????????????????? | | ?????????????????????????????????????????? | | ?????????????????????????????????????????? | | ?????????????????????????????????????????? | | ?????????????????????????????????????????? | | ?????????????????????????????????????????? | | ?????????????????????????????????????????? | | ?????????????????????????????????????????? | +----------------------------------------------------+ Best States ------------- Heat Dissipation 31 Energy Generation 14 Energy Capacity 280 Matter Stores 300 Matter Capacity 300 Sight Range 16 Terrain Scan Density 10 Evasion (%) 64 Item Schematics ----------------- None Robot Schematics ------------------ None Fabricated ------------ Nothing Repaired ---------- Nothing Studied --------- None Alien Tech Used ----------------- None Achievements -------------- None Challenges ------------ None Game ------ Seed BattleArmorCompressor Manual? 0 Play Time 00:06:06 Cumulative 51.8 hours Start 2025.12.18 @ 04:30:55 End 2025.12.18 @ 04:35:57 Sessions 1 Manual Loads 0 Difficulty Rogue Special Mode None Game No. 198 Rogue 198 Adventurer 0 Explorer 0 Win Type - Total 0 Types 0/0/0/0/0/0/0/0/0/0 Lore% 12 Gallery% 37 Achievement% 25 Wizard Run 0 Options --------- Layout 1 ASCII 0 Keyboard 1 Movement Vi Keybinds 0 Fullscreen 1 Font 16/SmallcapsGlow Map View 55x38 Zoom Use 0% Tactical HUD 1 Map Filters NONE Filters NONE Steam X RUN: 1cfb0b12-b790-4e72-9a85-852e6b0c1ce4